[Event "*** Titled Tuesday Blitz"]
[Site "Chess.com"]
[Date "2020.04.07"]
[Round "1"]
[White "googlegoom"]
[Black "chito89"]
[Result "0-1"]
[WhiteElo "2409"]
[BlackElo "2779"]
[TimeControl "180+1"]
[EndTime "13:07:40 PDT"]
[Termination "chito89 won by checkmate"]

1. Nf3 Nf6 2. b3 d5 3. Bb2 Bg4 4. e3 e6 5. Be2 Nbd7 6. d4 Bd6 7. Nbd2 O-O 8. O-O c6 9. c4 Qb8 10. h3 Bh5 11. a3 a5 12. Bc3 Ne4 13. Nxe4 dxe4 14. Nd2 Bxe2 15. Qxe2 f5 16. b4 a4 17. Rfd1 Nf6 18. Nb1 b5 19. d5 exd5 20. Bxf6 Rxf6 21. cxd5 Bh2+ 22. Kh1 f4 23. exf4 Qxf4 24. Nc3 Re8 25.
dxc6 Qe5 26. Nxb5 Rg6 27. c7 Qg5 28. f4 Bxf4 29. Rd8 Rxd8 30. cxd8=Q+ Qxd8 31. Qxe4 Rf6 32. Rf1 g5 33. Nd4 Qd7 34. Ne2 Re6 35. Qc4 Be5 36. Nc3 Kg7 37. Ne4 Re7 38. Nc5 Qd6 39. Ne6+ Qxe6 40. Qe4 Bd6 41. Qd4+ Qe5 42. Qd1 Qh2# 0-1

[Event "*** Titled Tuesday Blitz"]
[Site "Chess.com"]
[Date "2020.04.07"]
[Round "1"]
[White "Stouuf"]
[Black "EnergeticHay"]
[Result "0-1"]
[WhiteElo "2531"]
[BlackElo "2183"]
[TimeControl "180+1"]
[EndTime "13:07:40 PDT"]
[Termination "EnergeticHay won by checkmate"]

1. e4 c5 2. Nf3 d6 3. Bb5+ Nd7 4. O-O Nf6 5. Re1 a6 6. Bd3 b5 7. c3 c4 8. Bc2 Bb7 9. b4 e6 10. a4 Be7 11. Qe2 O-O 12. axb5 axb5 13. Rxa8 Qxa8 14.
Na3 Bc6 15. d3 cxd3 16. Bxd3 d5 17. e5 Ne4 18. Bxe4 dxe4 19. Nd4 Nxe5 20. Nxc6 Qxc6 21.
Nxb5 Nd3 22. Qxe4 Qxb5 23. c4 Qxb4 24. Rf1 Nxc1 25. Rxc1 Bf6 26. Qc6 Qd2 27. Rf1 Bd4 28. g3 g6 29. Kg2 e5 30. h4 h5 31. Qd5 Qc2 32. Qf3 Qxc4 33. Rb1 Qc2 34. Rb7 Kg7 35.
Rd7 Qc4 36. Rd6 f5 37. Rc6 Qb5 38. Rc7+ Rf7 39. Rc8 e4 40. Qa3 Qb2 41. Qxb2 Bxb2 42. f3 exf3+ 43. Kxf3 Be5 44. Re8 Kf6 45. Ra8 Re7 46.
Ra6+ Re6 47. Ra8 Bd6 48. Ra7 Re7 49. Ra6 Ke5 50. Ra5+ Ke6 51. Ra6 Rc7 52. Ra8 Rc3+ 53. Ke2 Rxg3 54. Ra3 Rxa3 55. Kf2 Bg3+ 56. Kg2 Bxh4 57.
Kh2 f4 58. Kh1 f3 59. Kh2 Ra2+ 60. Kh3 f2 61. Kg2 Ra1 62. Kh2 Bg3+ 63. Kxg3 f1=Q 64.
Kh4 Qf4+ 65. Kh3 Ra3+ 66. Kg2 Qd2+ 67. Kh1 Ra1# 0-1

[Event "*** Titled Tuesday Blitz"]
[Site "Chess.com"]
[Date "2020.04.07"]
[Round "1"]
[White "ecwinslow"]
[Black "PotapovaM"]
[Result "0-1"]
[WhiteElo "2156"]
[BlackElo "2540"]
[TimeControl "180+1"]
[EndTime "13:07:41 PDT"]
[Termination "PotapovaM won on time"]

1. e4 c5 2. Nf3 d6 3. d4 cxd4 4. Nxd4 Nf6 5. Nc3 a6 6. Be2 e5 7. Nb3 Be7 8. O-O O-O 9. Be3 Be6 10. Qd3 Nbd7 11. Nd5 Bxd5 12. exd5 Ne8 13. a4 Bg5 14. c4 Bxe3 15. Qxe3 a5 16. c5 dxc5 17. Nxc5 Nxc5 18. Qxc5 Qd6 19. Rfc1 Qxc5 20. Rxc5 Nd6 21. Rb1 Rfc8 22.
Rbc1 Rxc5 23. Rxc5 Rc8 24. Rxa5 Rc1+ 25. Bf1 g6 26. g3 Rb1 27. Ra8+ Kg7 28. Rd8 Ne4 29. Kg2 Rxb2 30. Bb5 Rxf2+ 31. Kg1 Rd2 32. Rd7 b6 33. Rb7 Rxd5 34. Rxb6 Nc3 35. Bc4 Rd1+ 36. Kf2 Rd4 37.
Bb3 Nxa4 38. Rb7 Nc5 39. Rxf7+ Kh6 40. Rf3 Rd2+ 41. Kg1 e4 42. Re3 Kg5 43. Rc3 Nd3 44. Bg8 h5 45. Rc6 e3 46. Re6 e2 0-1

[Event "*** Titled Tuesday Blitz"]
[Site "Chess.com"]
[Date "2020.04.07"]
[Round "1"]
[White "mbachez"]
[Black "Sven_Tica"]
[Result "1-0"]
[WhiteElo "2358"]
[BlackElo "2666"]
[TimeControl "180+1"]
[EndTime "13:07:42 PDT"]
[Termination "mbachez won by resignation"]

1. e4 c5 2. Nf3 Nf6 3. e5 Nd5 4. Nc3 e6 5. Bd3 Nc6 6. O-O Nf4 7. Be4 d5 8. exd6 Bxd6 9. Bxc6+ bxc6 10. d3 O-O 11. Ne4 Nd5 12. Nxd6 Qxd6 13. Ng5 Nf6 14. Qf3 e5 15. Re1 Bg4 16. Qg3 Rfe8 17. Bd2 h6 18.
Nf3 Bxf3 19. Qxf3 c4 20. Rad1 cxd3 21. cxd3 Rad8 22. Be3 Rd7 23. Rc1 Rc8 24. Red1 Nd5 25. Bc5 Qe6 26. g3 Rb7 27. b3 Rd7 28. Rc4 Nf6 29.
Rdc1 Rd5 30. Bxa7 Qd7 31. Be3 Rxd3 32. Rxc6 Rxc6 33. Qxc6 Qg4 34. Qc8+ Qxc8 35. Rxc8+ Kh7 36. Rc2 Nd5 37. Bd2 f5 38. Kf1 g5 39. Ke2 e4 40.
b4 f4 41. Rb2 f3+ 42. Ke1 Ra3 43. b5 Nb6 44. Be3 Nc4 45. Rc2 Nxe3 46. fxe3 Rxe3+ 47. Kf2 Ra3 48. b6 Ra6 49. Rb2 Ra8 50. b7 Rb8 51. a4 Kg6 52. a5 g4 53. a6 Kf5 54.
a7 Re8 55. Ke3 Rc8 1-0

[Event "*** Titled Tuesday Blitz"]
[Site "Chess.com"]
[Date "2020.04.07"]
[Round "1"]
[White "SoltaniciR"]
[Black "BabyFacedAssasin"]
[Result "1-0"]
[WhiteElo "2648"]
[BlackElo "2314"]
[TimeControl "180+1"]
[EndTime "13:07:42 PDT"]
[Termination "SoltaniciR won by resignation"]

1. e4 e6 2. d4 d5 3. Bd3 c5 4.
Nf3 dxe4 5. Bxe4 Nf6 6. Bd3 cxd4 7. Nxd4 Bd7 8. O-O Nc6 9. Nb3 Be7 10. Nc3 O-O 11.
Bf4 e5 12. Bg5 Be6 13. Re1 h6 14. Bh4 Nd5 15. Bxe7 Qxe7 16. Nxd5 Bxd5 17. c3 Rad8 18. Qe2 Qg5 19. f3 f5 20. Rad1 Rfe8 21. Qe3 f4 22. Qf2 h5 23. Nc5 h4 24. Nxb7 Rb8 25. Nd6 Red8 26.
Ne4 Bxe4 27. Bxe4 Ne7 28. b4 h3 29. Kh1 Rxd1 30. Rxd1 Nf5 31. gxh3 Ne3 32. Rg1 Qh5 33. Qd2 Rf8 34. Qd7 Qf7 35. Qxf7+ Rxf7 36. c4 a5 37. a3 axb4 38. axb4 Rc7 39. c5 Kf7 40. Rc1 g5 41. b5 Ke6 42. b6 Rc8 43. c6 Kd6 44. b7 Rh8 45. c7 1-0

[Event "*** Titled Tuesday Blitz"]
[Site "Chess.com"]
[Date "2020.04.07"]
[Round "1"]
[White "Ar4uha"]
[Black "Jenia84"]
[Result "1-0"]
[WhiteElo "2628"]
[BlackElo "2296"]
[TimeControl "180+1"]
[EndTime "13:07:42 PDT"]
[Termination "Ar4uha won by resignation"]

1. Nf3 Nf6 2. d4 b6 3. g3 Bb7 4.
Bg2 e6 5. c4 Be7 6. O-O O-O 7.
Nc3 Ne4 8. Nxe4 Bxe4 9. Ne5 Bxg2 10. Kxg2 d6 11. Nd3 Bf6 12. e3 c5 13. d5 exd5 14.
cxd5 Nd7 15. h4 b5 16. a4 bxa4 17. Qxa4 Nb6 18. Qe4 Re8 19. Qf3 Qe7 20. Ra2 Qe4 21. Qxe4 Rxe4 22. Nf4 Rb4 23. Rd1 a5 24. Rd3 a4 25.
Rda3 Rb8 26. Nd3 Rb3 27. Nf4 Rxa3 28. Rxa3 h6 29. h5 Be5 30. e4 Kf8 31. Nd3 Bd4 32.
Kf3 Ke7 33. Ke2 Kd7 34. Kd1 Kc7 35. f3 Kb7 36. Kc2 Ka6 37. b3 Kb5 38. bxa4+ Kc4 39. Nb2+ Bxb2 40. Bxb2 Ra8 41. Rc3+ Kb4 42. Rb3+ Ka5 43.
Bxg7 Rg8 44. Bc3+ Ka6 45. g4 Nxa4 46. Bd2 Rh8 47. Rb1 Nb6 48. Kd3 Nd7 49. Bf4 Ne5+ 50.
Bxe5 dxe5 51. Kc4 Rc8 52. d6 Ka7 53. Kd5 c4 54. d7 Rd8 55. Kc6 c3 56. Kc7 1-0

[Event "*** Titled Tuesday Blitz"]
[Site "Chess.com"]
[Date "2020.04.07"]
[Round "1"]
[White "Gentlejimmy7"]
[Black "meridaandres"]
[Result "1-0"]
[WhiteElo "2605"]
[BlackElo "2267"]
[TimeControl "180+1"]
[EndTime "13:07:42 PDT"]
[Termination "Gentlejimmy7 won on time"]

1. d4 g6 2. g3 Nf6 3. Bg2 Bg7 4. Nf3 O-O 5. O-O d6 6. b3 Nc6 7. Bb2 a6 8. a4 Rb8 9. d5 Na7 10. Re1 c6 11. e4 Bg4 12. h3 Bxf3 13. Qxf3 Nc8 14. Nd2 cxd5 15. exd5 Nb6 16. Qd3 Nbd7 17. Rab1 b5 18. axb5 axb5 19. Qe2 Re8 20. Ne4 Qc7 21. Nxf6+ Nxf6 22. Qd3 b4 23. Re2 Ra8 24. Rbe1 Kf8 25. Bd4 Ra2 26. h4 h5 27. Bh3 Qa5 28. c4 bxc3 29.
Rxa2 Qxa2 30. Qxc3 Qa8 31. Bd7 Rd8 32. Bc6 Qc8 33. b4 Qf5 34. b5 Rb8 35. b6 Kg8 36. b7 Ng4 37. Re2 Bxd4 38. Qxd4 Ne5 39. Qa7 Qb1+ 40.
Kg2 Qd3 41. Qxb8+ Kh7 42. Re3 Qd1 43. Rxe5 1-0

[Event "*** Titled Tuesday Blitz"]
[Site "Chess.com"]
[Date "2020.04.07"]
[Round "1"]
[White "AsaHoffmann"]
[Black "albi1999"]
[Result "0-1"]
[WhiteElo "2250"]
[BlackElo "2593"]
[TimeControl "180+1"]
[EndTime "13:07:42 PDT"]
[Termination "albi1999 won by resignation"]

1. d4 d5 2. Bg5 h6 3. Bh4 c6 4.
e3 Qb6 5. Qc1 e5 6. Nf3 e4 7. Nfd2 Ne7 8. c4 Be6 9. Nc3 Nf5 10. Bg3 Nd7 11. c5 Qd8 12. b4 a6 13.
a4 Be7 14. b5 axb5 15. axb5 O-O 16. Be2 Nxg3 17. hxg3 Qc7 18. b6 Qd8 19. O-O Rb8 20.
Ra7 f5 21. Nb3 Nf6 22. Na5 Bc8 23. Qa3 g5 24. Ba6 Qxb6 25. cxb6 Bxa3 26. Nxb7 Bb4 27. Na4 Rf7 28. Rb1 Bf8 29. Nac5 Bxc5 30. dxc5 Bxb7 31.
Bxb7 Rbxb7 32. Rba1 Rb8 33. R1a6 Rfb7 34. Ra5 Nd7 35.
Kf1 Kf8 36. Ke2 Ke7 37. Kd2 Kd8 38. Kc3 Rxa7 39. Rxa7 Nxc5 40. Kd4 Nd7 41. b7 Kc7 42. Ra8 Kxb7 43. Ra1 Kc7 44. Rh1 Kd6 45. Rxh6+ Kc7 46.
Rh7 Rb3 47. Rxd7+ Kxd7 48. Ke5 Rb2 49. Kxf5 Rxf2+ 50. Kxg5 Rxg2 51. g4 c5 52. Kf4 c4 53.
g5 c3 54. Ke5 c2 0-1

[Event "*** Titled Tuesday Blitz"]
[Site "Chess.com"]
[Date "2020.04.07"]
[Round "1"]
[White "narutosmith"]
[Black "chabo96"]
[Result "0-1"]
[WhiteElo "2209"]
[BlackElo "2585"]
[TimeControl "180+1"]
[EndTime "13:07:42 PDT"]
[Termination "chabo96 won on time"]

1. c4 Nf6 2. Nc3 g6 3. g3 Bg7 4. Bg2 O-O 5. e4 c5 6. Nge2 Nc6 7. O-O Ne8 8. d3 Nc7 9. Be3 Ne6 10. Rb1 Ned4 11.
a3 a5 12. b3 d6 13. h3 Bd7 14. Kh2 Kh8 15. Qd2 f5 16. Bh6 e6 17. Bxg7+ Kxg7 18. Nb5 Nxb5 19. cxb5 Nd4 20. Nxd4 cxd4 21.
exf5 Rxf5 22. Bxb7 Rb8 23. Bc6 Bxc6 24. bxc6 Qb6 25. Rfc1 Rc8 26. Rb2 Rxc6 27. Rxc6 Qxc6 28. Qc2 Qxc2 29. Rxc2 Rb5 30. Rb2 Kf6 31. Kg2 Ke5 32.
Kf3 Kd5 33. Kg4 h6 34. Kf4 e5+ 35. Kf3 Rc5 36. b4 Rc3 37. b5 Rxd3+ 38. Ke2 Rc3 39. b6 Rc8 40. Rb5+ Kc6 41. b7 Rb8 42. Rxa5 Rxb7 43. Ra8 e4 44. a4 Rb2+ 45. Ke1 Ra2 46. Rf8 Kd5 47. Rf6 Kc4 48. Rxd6 Kd3 49. Kf1 Ra1+ 0-1

[Event "*** Titled Tuesday Blitz"]
[Site "Chess.com"]
[Date "2020.04.07"]
[Round "1"]
[White "FMAntonio"]
[Black "Dare-Dare"]
[Result "1-0"]
[WhiteElo "2535"]
[BlackElo "2140"]
[TimeControl "180+1"]
[EndTime "13:07:42 PDT"]
[Termination "FMAntonio won by resignation"]

1. d4 d6 2. e4 e5 3. dxe5 dxe5 4. Qxd8+ Kxd8 5. Bc4 f6 6. f4 Nd7 7. Nf3 Bd6 8. fxe5 Nxe5 9. Nxe5 Bxe5 10. O-O c6 11. c3 Ne7 12. Be3 Kc7 13. Nd2 Bd6 14. Nf3 Ng6 15. Rad1 Bg4 16. h3 Bxf3 17. gxf3 Bf4 18. Bd4 b6 19. b4 Rad8 20. a4 Be5 21. a5 Bxd4+ 22. cxd4 Rd7 23. axb6+ axb6 24. b5 Rhd8 25.
d5 cxd5 26. Bxd5 Nf4 27. Rc1+ Kb8 28. Rc6 Nxd5 29. exd5 Rxd5 30. Rxb6+ Kc7 31. Rc6+ Kd7 32. Rb6 Rc8 33. Rf2 Rd6 34. Rb7+ Rc7 35. Rb8 Rc8 36. Rb7+ Rc7 37. Rxc7+ Kxc7 38. Re2 Rd7 39. Re6 h5 40. Kf2 Rd5 41. Re7+ Kd6 42. Rxg7 Rxb5 43. Kg3 Ke6 44. Rh7 Rf5 45. Rh8 Rg5+ 46. Kf4 Rf5+ 47. Kg3 Rg5+ 48. Kf2 Kf5 49. h4 Rg7 50. Rxh5+ Kg6 51. Rh8 Ra7 52. Kg3 Ra4 53. Rg8+ Kh6 54. Rg4 Ra5 55. Rf4 Kg6 56. Kg4 Rh5 57. Rxf6+ Kxf6 58. Kxh5 Kf5 59. f4 1-0

[Event "*** Titled Tuesday Blitz"]
[Site "Chess.com"]
[Date "2020.04.07"]
[Round "1"]
[White "DonBroca"]
[Black "TST2014"]
[Result "0-1"]
[WhiteElo "2068"]
[BlackElo "2521"]
[TimeControl "180+1"]
[EndTime "13:07:42 PDT"]
[Termination "TST2014 won on time"]

1. e4 c5 2. Nf3 Nc6 3. d4 cxd4 4.
Nxd4 Nf6 5. Nc3 d6 6. Bg5 e6 7. Qd2 a6 8. O-O-O Bd7 9. f4 h6 10. Bxf6 Qxf6 11. e5 dxe5 12. Ndb5 Qd8 13. Nd6+ Bxd6 14.
Qxd6 exf4 15. Qxf4 O-O 16. Kb1 Qb8 17. Qg4 Ne5 18. Qh5 Bc6 19. Bd3 Nxd3 20. Rxd3 Qf4 21. Rg3 Rad8 22. a3 Rd2 23. Ne2 Qe4 24. Rc1 Rxe2 25.
Qxh6 Qh7 26. Qf4 Rxg2 27. Rxg2 Bxg2 28. Rg1 Be4 29. h4 Bxc2+ 30. Ka2 Bg6 31. Qg5 Qh5 32. Qg3 Qd5+ 33. Ka1 Rd8 34. Qe1 Qf3 0-1

[Event "*** Titled Tuesday Blitz"]
[Site "Chess.com"]
[Date "2020.04.07"]
[Round "1"]
[White "kuli4ik"]
[Black "Korona_91"]
[Result "1-0"]
[WhiteElo "2790"]
[BlackElo "2416"]
[TimeControl "180+1"]
[EndTime "13:07:43 PDT"]
[Termination "kuli4ik won by resignation"]

1. Nf3 g6 2. g3 Bg7 3. Bg2 d6 4. O-O e5 5. d4 e4 6. Nfd2 d5 7. c4 c6 8. Nc3 Ne7 9. cxd5 cxd5 10. Nb3 O-O 11. Bg5 Nbc6 12. Qd2 b6 13. Rac1 Bb7 14.
Na1 Rc8 15. Nc2 Na5 16. b3 Qd7 17. Bxe7 Qxe7 18. Ne3 Rfd8 19. Ncxd5 Bxd5 20. Rxc8 Rxc8 21. Nxd5 Qd6 22. Bxe4 Nc6 23. e3 Re8 24. Bg2 h5 25. Rc1 Nd8 26. h4 Ne6 27. Qb4 Qd7 28. Qc4 Qd6 29.
Qc6 Qb8 30. Qxe8+ Qxe8 31. Rc8 Kf8 32. Rxe8+ Kxe8 33. Kf1 Kd7 34. Ke2 Kd6 35. Kd3 f5 36. Nc3 Nc7 37. Kc4 a6 38. a4 Bf6 39. e4 Bg7 40.
e5+ Kd7 41. f4 Bf8 42. b4 a5 43. bxa5 bxa5 44. Nd5 Na6 45. Nb6+ Kc7 46. Kb5 Nb4 47. d5 Nc2 48. d6+ Kd8 49. Kxa5 Nd4 50. Bf1 Nb3+ 51.
Kb4 Nd2 52. Bd3 Nf3 53. a5 g5 54.
hxg5 h4 55. gxh4 1-0

[Event "*** Titled Tuesday Blitz"]
[Site "Chess.com"]
[Date "2020.04.07"]
[Round "1"]
[White "StockholmMissile"]
[Black "Witik"]
[Result "0-1"]
[WhiteElo "2375"]
[BlackElo "2724"]
[TimeControl "180+1"]
[EndTime "13:07:43 PDT"]
[Termination "Witik won on time"]

1. d4 d5 2. c4 e6 3. Nf3 c6 4.
Nbd2 Nf6 5. g3 Be7 6. Bg2 O-O 7.
O-O b6 8. b3 a5 9. Qc2 Bb7 10. Bb2 Na6 11. a3 Rc8 12. Rac1 c5 13. Qb1 Ne4 14. Rfd1 f5 15. e3 Nc7 16. dxc5 bxc5 17.
cxd5 exd5 18. Ne5 Qe8 19. Nd3 Ne6 20. Qa1 Qh5 21. Nf4 Nxf4 22. exf4 d4 23. b4 Bf6 24.
Nxe4 Bxe4 25. bxc5 d3 26. c6 Qe2 27. Bxf6 Rxf6 28.
Bxe4 fxe4 29. Qd4 h6 30. c7 Kh7 31. Qd7 Rff8 32. Qd4 Rf7 33. Qd6 e3 34. fxe3 d2 35. Rb1 Qxe3+ 36. Kg2 Rfxc7 37. Rxd2 Qe4+ 38. Kh3 Qxb1 0-1

[Event "*** Titled Tuesday Blitz"]
[Site "Chess.com"]
[Date "2020.04.07"]
[Round "1"]
[White "Bad4life"]
[Black "MartinCerveny"]
[Result "1-0"]
[WhiteElo "2325"]
[BlackElo "2623"]
[TimeControl "180+1"]
[EndTime "13:07:43 PDT"]
[Termination "Bad4life won by resignation"]

1. e4 c5 2. Nf3 d6 3. Bb5+ Bd7 4. a4 g6 5. O-O Bg7 6. Re1 Nf6 7. c3 O-O 8. Bf1 Bc6 9. Qc2 e5 10. d4 exd4 11. cxd4 Re8 12. d5 Bd7 13. Bf4 Bg4 14.
Nbd2 Bxf3 15. Nxf3 Nh5 16. Bg5 f6 17. Bd2 Bf8 18. Ra3 Nd7 19. a5 Ne5 20. Bb5 Re7 21. a6 b6 22. Nxe5 dxe5 23. b4 Rc8 24. bxc5 Rxc5 25. Qb3 Rec7 26. d6+ Rf7 27. Bc4 Rxc4 28. Qxc4 Qxd6 29. Rd3 Qc5 30. Qa2 Kg7 31. Rc1 Qb5 32.
Rb3 Qd7 33. Rbc3 Bc5 34. g3 f5 35. Qc4 Nf6 36. exf5 Qxf5 37. Be3 Ng4 38. Bxc5 bxc5 39.
f4 Qh5 40. h4 exf4 41. Qxc5 Qxc5+ 42. Rxc5 fxg3 43. Rc7 Ne5 44. Rxf7+ Kxf7 45. Rc7+ Ke6 46. Rxa7 Nc6 47. Rxh7 Kf5 48. a7 Nxa7 49. Rxa7 Kg4 50. Kg2 Kxh4 51. Ra4+ Kh5 52. Kxg3 g5 53. Ra5 1-0

[Event "*** Titled Tuesday Blitz"]
[Site "Chess.com"]
[Date "2020.04.07"]
[Round "1"]
[White "penguingm1"]
[Black "elohunter1999"]
[Result "1-0"]
[WhiteElo "2895"]
[BlackElo "2461"]
[TimeControl "180+1"]
[EndTime "13:07:44 PDT"]
[Termination "penguingm1 won by resignation"]

1. d4 Nf6 2. c4 e6 3. Nc3 Bb4 4.
Qc2 O-O 5. Nf3 d5 6. Bg5 h6 7. Bxf6 Qxf6 8. a3 Bxc3+ 9. Qxc3 dxc4 10. Qxc4 b6 11. Qxc7 Ba6 12. Rc1 Rc8 13. Qxc8+ Bxc8 14. Rxc8+ Kh7 15. e3 Qf5 16. Kd2 e5 17. Re8 Qd7 18. Bd3+ g6 19. Rxe5 Nc6 20. Rb5 Qg4 21. Rg1 Rd8 22. h3 Qd7 23. Rc1 Kg7 24. Rb3 Rc8 25. Rbc3 Ne7 26. Ne5 Qe6 27. Rxc8 Nxc8 28. Bc4 Qf5 29.
f3 Nd6 30. Bd3 Qg5 31. g4 Qh4 32. Rc6 Qf2+ 33. Be2 Ne8 34. Rc8 Kf8 35. Ra8 Qg1 36.
Rxa7 Qb1 37. Rxf7+ Kg8 38. Bc4 Qxb2+ 39. Ke1 Qc1+ 40.
Kf2 Qd2+ 41. Be2 Nd6 42. Rf6 Ne8 43. Rxg6+ Kf8 44. Rxh6 Ke7 45. Rxb6 Nd6 46. Rxd6 Kxd6 47. Nc4+ Kd5 48. Nxd2 Kc6 49. e4 Kd6 50. Ke3 1-0

[Event "*** Titled Tuesday Blitz"]
[Site "Chess.com"]
[Date "2020.04.07"]
[Round "1"]
[White "floplover"]
[Black "Haykos"]
[Result "0-1"]
[WhiteElo "2253"]
[BlackElo "2598"]
[TimeControl "180+1"]
[EndTime "13:07:44 PDT"]
[Termination "Haykos won on time"]

1. d4 d5 2. c4 dxc4 3. Nf3 Nf6 4. e3 Bg4 5. Bxc4 e6 6. h3 Bh5 7. Nc3 Nbd7 8. O-O Bb4 9. Be2 c5 10. a3 Ba5 11. Nb5 Bc7 12. Nxc7+ Qxc7 13. b3 cxd4 14.
Qxd4 O-O 15. Bb2 Rfd8 16. Rac1 Qb6 17. Qxb6 Nxb6 18. Rfd1 Rxd1+ 19. Bxd1 Nfd5 20. Be2 Rd8 21. Kf1 Kf8 22. Bd4 f6 23. g3 Bf7 24. e4 e5 25.
Bc5+ Ne7 26. b4 Nc8 27. b5 Be6 28. g4 b6 29. Bb4 Nd6 30. Rc7 Ndc8 31. Nd2 Kf7 32.
Nc4 Rd7 33. Rxd7 Bxd7 34. Nd6+ Nxd6 35. Bxd6 Nc8 36. Bb8 Be6 37. Bd3 Ke7 38. a4 Kd7 39.
a5 bxa5 40. Ke2 a4 41. Kd2 a3 42. Kc1 a2 43. Kb2 g5 44. f3 h6 45. Bc2 Nd6 46.
Bxa7 Nxb5 47. Ba4 Kc6 48. Be3 Bc4 0-1

[Event "*** Titled Tuesday Blitz"]
[Site "Chess.com"]
[Date "2020.04.07"]
[Round "1"]
[White "pedromartinez91"]
[Black "Micki-taryan"]
[Result "0-1"]
[WhiteElo "2495"]
[BlackElo "3066"]
[TimeControl "180+1"]
[EndTime "13:07:45 PDT"]
[Termination "Micki-taryan won on time"]

1. Nf3 Nf6 2. g3 d5 3. Bg2 c6 4. O-O Bg4 5. h3 Bh5 6. c4 e6 7. d3 Be7 8. cxd5 cxd5 9. Qb3 Bxf3 10. Bxf3 Qd7 11. Nc3 Nc6 12. Bg2 O-O 13. Bd2 Rfc8 14. Rfc1 Rab8 15. Na4 Nd4 16. Qd1 Nxe2+ 17. Qxe2 Qxa4 18.
Bf4 Ra8 19. a3 Qb3 20. Qd2 Nd7 21. Rxc8+ Rxc8 22. Rc1 Rc6 23. Rxc6 bxc6 24. Qa5 Qb6 25. Qa4 Bc5 26. Qc2 a5 27. Bf3 Bd4 28. b3 Nc5 29. Bd1 e5 30. Bc1 g6 31. Kg2 Qb5 32.
Bd2 Nxd3 33. Be2 e4 34. a4 Qa6 35. Bxd3 exd3 36. Qd1 c5 37. Qe1 c4 38. Qe8+ Kg7 39.
b4 Qe6 40. Qb5 c3 41. Qxd3 Qf6 42. Be1 axb4 43. Qc2 Qf5 0-1

[Event "*** Titled Tuesday Blitz"]
[Site "Chess.com"]
[Date "2020.04.07"]
[Round "1"]
[White "vladimirdamjanovic"]
[Black "lachesisQ"]
[Result "0-1"]
[WhiteElo "2501"]
[BlackElo "3154"]
[TimeControl "180+1"]
[EndTime "13:07:46 PDT"]
[Termination "lachesisQ won by resignation"]

1. d4 Nf6 2. c4 g6 3. Nc3 d5 4. cxd5 Nxd5 5. e4 Nxc3 6. bxc3 Bg7 7. Nf3 c5 8. Be2 Nc6 9. d5 Bxc3+ 10. Bd2 Bxa1 11.
Qxa1 Nd4 12. Nxd4 cxd4 13. Qxd4 O-O 14. O-O Qb6 15. Qe5 Qd6 16. Qc3 Bd7 17. Bh6 f6 18. Bxf8 Rxf8 19. Qb2 b6 20. Rc1 Rc8 21. Rxc8+ Bxc8 22. Qc3 Bd7 23. g3 g5 24. Kg2 Kg7 25. h3 Be8 26.
Qe3 h6 27. h4 Qe5 28. hxg5 hxg5 29. f4 gxf4 30. gxf4 Qb2 31. Kf1 Qa1+ 32. Kf2 Qxa2 33.
Qg3+ Kf8 34. Kf1 Qb1+ 35. Kf2 Qxe4 36. Qh4 Kg7 37. Bf3 Qd4+ 38. Kf1 Bg6 39. Qg3 a5 40. Kg2 Qd3 41. Kh3 Kf8 42. Qg4 Bf5 0-1

[Event "*** Titled Tuesday Blitz"]
[Site "Chess.com"]
[Date "2020.04.07"]
[Round "1"]
[White "Olga_Girya"]
[Black "IAgrest"]
[Result "1-0"]
[WhiteElo "2534"]
[BlackElo "2135"]
[TimeControl "180+1"]
[EndTime "13:07:46 PDT"]
[Termination "Olga_Girya won on time"]

1. d4 Nf6 2. c4 g6 3. Nc3 Bg7 4. e4 d6 5. Be2 O-O 6. Be3 Nc6 7.
Nf3 e5 8. d5 Ne7 9. Nd2 Nd7 10.
O-O f5 11. f3 f4 12. Bf2 g5 13. b4 h5 14. c5 Nf6 15. Nc4 g4 16. cxd6 cxd6 17.
Nb5 Ne8 18. Nxa7 Ng6 19. Nxc8 Rxc8 20. fxg4 hxg4 21. Rc1 f3 22. gxf3 gxf3 23. Bxf3 Bh6 24. Rc2 b5 25. Na3 Rxc2 26. Nxc2 Nf4 27. Kh1 Kh8 28.
Ne3 Ng7 29. Ng2 Qf6 30. Bg3 Qg6 31. Nxf4 Bxf4 32. Rg1 Qh6 33. Qe2 Ne8 34. Bg4 Nf6 35. Bf5 Rg8 36. Qf2 Nh5 37. Bxf4 Rxg1+ 38. Kxg1 Nxf4 39. Bg4 Qg5 40. Qf3 Kg7 41. h3 Qh4 42.
Kh2 Kh6 43. Qg3 Qg5 44. Bf5 Qf6 45. Qg8 Qh4 46. Qh7+ Kg5 47. Qg8+ 1-0

[Event "*** Titled Tuesday Blitz"]
[Site "Chess.com"]
[Date "2020.04.07"]
[Round "1"]
[White "AndrewDGreen"]
[Black "ChristopherYoo"]
[Result "0-1"]
[WhiteElo "2328"]
[BlackElo "2660"]
[TimeControl "180+1"]
[EndTime "13:07:47 PDT"]
[Termination "ChristopherYoo won by checkmate"]

1. d4 Nf6 2. Nf3 g6 3. Nc3 d5 4.
Bf4 Bg7 5. e3 O-O 6. Be2 c5 7. Ne5 Nc6 8. O-O cxd4 9. exd4 Qb6 10.
Nxc6 Qxc6 11. Bb5 Qb6 12. a4 a6 13. a5 Qd8 14. Bd3 Bg4 15. f3 Bd7 16. Be5 Bc6 17.
Re1 Ne8 18. Bxg7 Nxg7 19. Ne2 Qd6 20. c3 Rfe8 21. f4 Bd7 22. Qd2 Bf5 23. Ra3 Qc7 24. Nc1 Rad8 25. Bxf5 Nxf5 26. Nd3 Nd6 27. Raa1 Nc4 28.
Qf2 e6 29. b4 Nd6 30. Nc5 Ne4 31. Nxe4 dxe4 32. Re3 Rd5 33. Rc1 Qc6 34. Qe2 Rxd4 35. Qe1 Rc4 36. g3 Rd8 37. Rd1 Rd5 38. Rxd5 exd5 39. f5 gxf5 40. Qf2 d4 41. cxd4 Rc1+ 42. Kg2 Rc2 43. Re2 e3+ 44. Qf3 Rxe2+ 45. Kh3 Qxf3 46. Kh4 Qg4# 0-1

[Event "*** Titled Tuesday Blitz"]
[Site "Chess.com"]
[Date "2020.04.07"]
[Round "1"]
[White "Budisavljevic"]
[Black "anon219"]
[Result "0-1"]
[WhiteElo "2399"]
[BlackElo "2804"]
[TimeControl "180+1"]
[EndTime "13:07:49 PDT"]
[Termination "anon219 won on time"]

1. d4 Nf6 2. Nf3 d5 3. e3 c5 4. c4 cxd4 5. exd4 Nc6 6. Nc3 g6 7. Bg5 Be6 8. Bxf6 exf6 9. c5 Bg7 10. Be2 O-O 11. O-O Re8 12. Nb5 Bf8 13. Re1 a6 14. Nc3 Qd7 15. Na4 Qc7 16. Nb6 Rad8 17. a3 Bg4 18. b4 h5 19. h3 Bf5 20. Nh4 Be6 21. Nf3 Bg7 22. Bf1 Re7 23. Qd2 Bf5 24.
Nh4 Bc8 25. Rxe7 Nxe7 26. Re1 Be6 27. Bd3 f5 28. Bf1 Nc6 29. Nf3 Qe7 30. a4 Qf6 31.
Rd1 Ne7 32. b5 axb5 33. axb5 f4 34. Ra1 g5 35. Ra7 Rb8 36. Ne5 Nc8 37. Ned7 Qd8 38. Nxc8 Qxd7 39. Nb6 Qd8 40. Qa5 Bxd4 41. c6 Bxb6 42.
Qa4 Bxa7 43. Qxa7 bxc6 44. bxc6 Rc8 45. Bb5 Qc7 46. Qc5 f3 47. gxf3 Qf4 48. Ba6 Rc7 49. Qb6 Bxh3 50. Qb8+ Kg7 51. Bd3 Qxf3 52. Qb2+ f6 53. Bf1 Qd1 54. Kh2 Qxf1 0-1

[Event "*** Titled Tuesday Blitz"]
[Site "Chess.com"]
[Date "2020.04.07"]
[Round "1"]
[White "Firegrizzly"]
[Black "Vadim_Biliy"]
[Result "1-0"]
[WhiteElo "2600"]
[BlackElo "2258"]
[TimeControl "180+1"]
[EndTime "13:07:49 PDT"]
[Termination "Firegrizzly won on time"]

1. e4 d6 2. d4 Nf6 3. Nc3 g6 4. Be2 Bg7 5. Nf3 O-O 6. O-O Nc6 7. d5 Nb8 8. h3 c6 9. a4 a5 10. Re1 Na6 11. Bxa6 Rxa6 12. Bf4 Ra8 13. Qd2 Re8 14. Rad1 Qb6 15. Be3 Qc7 16. Bh6 Bh8 17. Bf4 Nh5 18. Be3 Nf6 19. Bd4 Bd7 20. Qf4 Rac8 21. Qh4 Bg7 22.
Ng5 h6 23. Nf3 Ra8 24. Be3 Kh7 25. Rd3 e6 26. dxe6 Bxe6 27. Bf4 Rad8 28. Red1 Bc4 29. Rxd6 Rxd6 30. Rxd6 Qe7 31. e5 Nd5 32. Qxe7 Rxe7 33.
Nxd5 Bxd5 34. Kf1 g5 35. Bg3 Bxf3 36. gxf3 Kg8 37. Rd8+ Kh7 38. b3 Kg6 39. f4 gxf4 40. Bxf4 Bxe5 41. Bd2 Bf6 42. Ra8 b6 43. Rc8 c5 44.
Rb8 Re6 45. Bf4 Bd4 46. Bc7 c4 47. f4 Rc6 48. Be5 1-0

[Event "*** Titled Tuesday Blitz"]
[Site "Chess.com"]
[Date "2020.04.07"]
[Round "1"]
[White "j2806"]
[Black "Alliswell998"]
[Result "0-1"]
[WhiteElo "2004"]
[BlackElo "2515"]
[TimeControl "180+1"]
[EndTime "13:07:49 PDT"]
[Termination "Alliswell998 won by resignation"]

1. e4 c5 2. Nf3 d6 3. d4 cxd4 4. Nxd4 Nf6 5. Nc3 a6 6. Be3 e5 7. Nb3 Be7 8. f3 Be6 9. Qd2 Nbd7 10. O-O-O a5 11. Kb1 a4 12. Nc1 a3 13. b3 O-O 14.
g4 Ra5 15. h4 d5 16. g5 d4 17. gxf6 Bxf6 18. Bg5 dxc3 19. Qxc3 Rc5 20. Qd2 Qc7 21. Nd3 Rc3 22. Bh3 Rc8 23. Rc1 h6 24. Bxf6 Nxf6 25. Bxe6 fxe6 26. Rhg1 Kh7 27. Rg2 Kh8 28. Rcg1 Nh5 29.
Rg6 Rxc2 30. Qd1 Qc3 31. R6g2 Rxg2 32. Rxg2 Rd8 33. Rd2 Nf4 34. Rc2 Qxd3 35. Qxd3 Rxd3 36. Rc7 Rxf3 37. Rxb7 Rf2 38. Ra7 Rb2+ 39. Kc1 Nd3+ 40.
Kd1 Rxa2 41. b4 Nxb4 42. Kc1 Nd3+ 43. Kb1 Rb2+ 44. Ka1 Rb3 45. Ka2 Rc3 46. Rxa3 Rxa3+ 47. Kxa3 Nc5 48. Kb4 Nxe4 49. Kc4 Ng3 50. Kd3 Nf5 51.
Ke4 Nxh4 52. Kxe5 Kh7 53. Kxe6 Kg6 54. Ke5 Nf5 55. Kf4 h5 56. Kf3 Kg5 57. Kg2 Kg4 58. Kh2 h4 59. Kg2 Ng3 60. Kh2 g5 61. Kg2 Kf4 62.
Kh2 g4 63. Kg1 Nf5 64. Kh2 Kf3 65. Kg1 g3 66. Kh1 g2+ 67. Kg1 h3 68. Kh2 Kf2 69. Kxh3 Ne7 70. Kg4 g1=Q+ 0-1